3L
MONTANA PANDAS @ ECHO PARK LAKERS
07/14/2042
 
TOP OF THE 1ST
Montana Pandas batting - Pitching for Echo Park Lakers : RHP Jordan Calhoun
Pitching: RHP Jordan Calhoun
Batting: SHB Gerrie Bond 0-0: Ball
1-0: Ground out 1-3 (Groundball, 13, EV 75.0 MPH)
Batting: SHB Manu Pakkarinen 0-0: Ball
1-0: Ground out 5-3 (Groundball, 5, EV 88.1 MPH)
Batting: LHB Martín Pliego 0-0: Fly out, F5 (Popup, 56, EV 75.0 MPH)
Top of the 1st over - 0 runs, 0 hits, 0 errors, 0 left on base; Montana 0 - Echo Park 0
BOTTOM OF THE 1ST
Echo Park Lakers batting - Pitching for Montana Pandas : RHP Sergio Gómez
Pitching: RHP Sergio Gómez
Batting: LHB Ramón Torres 0-0: Called Strike
0-1: Ball
1-1: Called Strike
1-2: Ball
2-2: Ball
3-2: Base on Balls
Batting: LHB Joe Schreibvogel 0-0: Called Strike
0-1: Ball
1-1: DOUBLE (Groundball, 3L, EV 98.1 MPH)
Ramón Torres to third
Runner from 3rd tries for Home, SAFE, throw by RF to home
Batting: LHB Philip Todd 0-0: Fly out, F9 (Flyball, 89XD, EV 103.8 MPH)
Runner from 2nd tags up, SAFE at 3rd, no throw by RF
Batting: LHB Jonathan Winston 0-0: Ball
1-0: Ball
2-0: Ball
3-0: Base on Balls
Batting: RHB Komotay Koffie 0-0: Ball
1-0: Grounds into double play, 6-4-3 (Groundball, 6M, EV 105.0 MPH)
Bottom of the 1st over - 1 run, 1 hit, 0 errors, 1 left on base; Montana 0 - Echo Park 1
TOP OF THE 2ND
Montana Pandas batting - Pitching for Echo Park Lakers : RHP Jordan Calhoun
Batting: LHB Bharti Mona 0-0: Called Strike
0-1: Called Strike
0-2: Foul Ball, location: 2F
0-2: Ground out 4-3 (Groundball, 4M, EV 83.1 MPH)
Batting: RHB Edgar Baeza 0-0: Ball
1-0: Swinging Strike
1-1: SINGLE (Line Drive, 9LS, EV 103.8 MPH)
Batting: LHB Hsui-chuan Tsou 0-0: Ball
1-0: Ball
2-0: Ball
3-0: Called Strike
3-1: Grounds into double play, 2-6-3 (Groundball, 13S, EV 73.8 MPH)
Top of the 2nd over - 0 runs, 1 hit, 0 errors, 0 left on base; Montana 0 - Echo Park 1
BOTTOM OF THE 2ND
Echo Park Lakers batting - Pitching for Montana Pandas : RHP Sergio Gómez
Batting: LHB Ben Bullock 0-0: Called Strike
0-1: Foul Ball, location: 2F
0-2: Ball
1-2: Ball
2-2: Foul Ball, location: 2F
2-2: Ball
3-2: Base on Balls
Batting: RHB Maema Njongmeta 0-0: Fly out, F8 (Flyball, 78D, EV 100.6 MPH)
Batting: LHB Hai-feng Tang 0-0: Called Strike
0-1: Ball
1-1: Fielders Choice at 2nd, 1-6 (Groundball, P, EV 85.6 MPH)
Batting: RHB Ned Lyons 0-0: Called Strike
0-1: Swinging Strike
0-2: Foul Ball, location: 2F
0-2: Foul Ball, location: 2F
0-2: Foul Ball, location: 2F
0-2: Ball
1-2: Strikes out swinging
Bottom of the 2nd over - 0 runs, 0 hits, 0 errors, 1 left on base; Montana 0 - Echo Park 1
TOP OF THE 3RD
Montana Pandas batting - Pitching for Echo Park Lakers : RHP Jordan Calhoun
Batting: SHB Chris Piña 0-0: Ball
1-0: Swinging Strike
1-1: Ball
2-1: Swinging Strike
2-2: Ball
3-2: Foul Ball, location: 2F
3-2: Ground out 4-3 (Groundball, 4, EV 100.0 MPH)
Batting: RHB Jon Moon 0-0: Fly out, F8 (Line Drive, 8LD, EV 94.4 MPH)
Batting: LHB António Casas 0-0: Ball
1-0: Ball
2-0: Foul Ball, location: 2F
2-1: Foul Ball, location: 2F
2-2: Ball
3-2: Ground out 1-3 (Groundball, P, EV 60.6 MPH)
Top of the 3rd over - 0 runs, 0 hits, 0 errors, 0 left on base; Montana 0 - Echo Park 1
BOTTOM OF THE 3RD
Echo Park Lakers batting - Pitching for Montana Pandas : RHP Sergio Gómez
Batting: LHB Ramón Torres 0-0: Called Strike
0-1: Foul Ball, location: 2F
0-2: Ball
1-2: Strikes out swinging
Batting: LHB Joe Schreibvogel 0-0: Swinging Strike
0-1: Ball
1-1: Ball
2-1: Swinging Strike
2-2: Ball
3-2: Fly out, F8 (Line Drive, 8LM, EV 98.8 MPH)
Batting: LHB Philip Todd 0-0: Called Strike
0-1: Ball
1-1: Ball
2-1: Foul Ball, location: 2F
2-2: Ball
3-2: Foul Ball, location: 2F
3-2: Base on Balls
Batting: LHB Jonathan Winston 0-0: Called Strike
0-1: Ball
1-1: Fly out, F9 (Line Drive, 9D, EV 88.1 MPH)
Bottom of the 3rd over - 0 runs, 0 hits, 0 errors, 1 left on base; Montana 0 - Echo Park 1
TOP OF THE 4TH
Montana Pandas batting - Pitching for Echo Park Lakers : RHP Jordan Calhoun
Batting: SHB Gerrie Bond 0-0: Ball
1-0: Called Strike
1-1: Swinging Strike
1-2: Foul Ball, location: 2F
1-2: Foul Ball, location: 2F
1-2: Ball
2-2: Fly out, F9 (Flyball, 89S, EV 87.5 MPH)
Batting: SHB Manu Pakkarinen 0-0: Ball
1-0: Fly out, F5 (Line Drive, 5, EV 68.1 MPH)
Batting: LHB Martín Pliego 0-0: Ball
1-0: Foul Ball, location: 2F
1-1: SINGLE (Flyball, 8RS, EV 94.4 MPH)
Batting: LHB Bharti Mona 0-0: Ball
1-0: Called Strike
1-1: Ground out 4-3 (Groundball, 4, EV 100.6 MPH)
Top of the 4th over - 0 runs, 1 hit, 0 errors, 1 left on base; Montana 0 - Echo Park 1
BOTTOM OF THE 4TH
Echo Park Lakers batting - Pitching for Montana Pandas : RHP Sergio Gómez
Batting: RHB Komotay Koffie 0-0: Called Strike
0-1: Foul Ball, location: 2F
0-2: Ball
1-2: Foul Ball, location: 2F
1-2: Fly out, F6 (Line Drive, 6, EV 72.5 MPH)
Batting: LHB Ben Bullock 0-0: SOLO HOME RUN (Line Drive, 9LD, EV 102.5 MPH), Distance : 379 ft
Batting: RHB Maema Njongmeta 0-0: Called Strike
0-1: Ball
1-1: Foul Ball, location: 2F
1-2: Ball
2-2: Foul Ball, location: 2F
2-2: Foul Ball, location: 2F
2-2: Foul Ball, location: 2F
2-2: Foul Ball, location: 2F
2-2: SINGLE (Groundball, 56D, EV 105.6 MPH)
Batting: LHB Hai-feng Tang 0-0: Ball
1-0: Fielders Choice at 2nd, 6-4 (Groundball, 6, EV 103.1 MPH)
Batting: RHB Ned Lyons 0-0: Called Strike
0-1: Ground out 1-3 (Groundball, 13S, EV 71.2 MPH)
Bottom of the 4th over - 1 run, 2 hits, 0 errors, 1 left on base; Montana 0 - Echo Park 2
TOP OF THE 5TH
Montana Pandas batting - Pitching for Echo Park Lakers : RHP Jordan Calhoun
Batting: RHB Edgar Baeza 0-0: Called Strike
0-1: Foul Ball, location: 2F
0-2: Ball
1-2: Ball
2-2: Ball
3-2: Ground out 5-3 (Groundball, 56S, EV 70.6 MPH)
Batting: LHB Hsui-chuan Tsou 0-0: Called Strike
0-1: Ball
1-1: Ball
2-1: Foul Ball, location: 2F
2-2: Foul Ball, location: 2F
2-2: SOLO HOME RUN (Line Drive, 9LD, EV 102.5 MPH), Distance : 366 ft
Batting: SHB Chris Piña 0-0: Fly out, F7 (Flyball, 7LS, EV 98.1 MPH)
Batting: RHB Jon Moon 0-0: Called Strike
0-1: Ground out 6-3 (Groundball, 6M, EV 100.6 MPH)
Top of the 5th over - 1 run, 1 hit, 0 errors, 0 left on base; Montana 1 - Echo Park 2
BOTTOM OF THE 5TH
Echo Park Lakers batting - Pitching for Montana Pandas : RHP Sergio Gómez
Batting: LHB Ramón Torres 0-0: Ball
1-0: Swinging Strike
1-1: Ball
2-1: Foul Ball, location: 2F
2-2: Ball
3-2: Foul Ball, location: 2F
3-2: Base on Balls
Batting: LHB Joe Schreibvogel 0-0: Called Strike
0-1: Ball
1-1: Foul Ball, location: 2F
1-2: Foul Ball, location: 2F
1-2: Grounds into double play, 4-6-3 (Groundball, 4, EV 79.4 MPH)
Batting: LHB Philip Todd 0-0: Called Strike
0-1: Called Strike
0-2: Ball
1-2: SINGLE (Groundball, 34D, EV 95.0 MPH)
Batting: LHB Jonathan Winston 0-0: Ball
1-0: Swinging Strike
1-1: Ball
2-1: Fly out, F7 (Flyball, 7, EV 95.6 MPH)
Bottom of the 5th over - 0 runs, 1 hit, 0 errors, 1 left on base; Montana 1 - Echo Park 2
TOP OF THE 6TH
Montana Pandas batting - Pitching for Echo Park Lakers : RHP Jordan Calhoun
Batting: LHB António Casas 0-0: Ball
1-0: Called Strike
1-1: Ball
2-1: Foul Ball, location: 2F
2-2: Strikes out swinging
Batting: SHB Gerrie Bond 0-0: Ground out 6-3 (Groundball, 6M, EV 86.2 MPH)
Batting: SHB Manu Pakkarinen 0-0: Ball
1-0: Ball
2-0: Called Strike
2-1: Foul Ball, location: 2F
2-2: SINGLE (Groundball, 4MD, EV 97.5 MPH)
Batting: LHB Martín Pliego 0-0: Ball
1-0: Ball
2-0: Swinging Strike
2-1: Foul Ball, location: 2F
2-2: Ball
3-2: Strikes out looking
Top of the 6th over - 0 runs, 1 hit, 0 errors, 1 left on base; Montana 1 - Echo Park 2
BOTTOM OF THE 6TH
Echo Park Lakers batting - Pitching for Montana Pandas : RHP Sergio Gómez
Pitching: LHP Gil Herrera
Batting: RHB Komotay Koffie 0-0: Called Strike
0-1: Ball
1-1: Ball
2-1: Swinging Strike
2-2: Foul Ball, location: 2F
2-2: Ball
3-2: Foul Ball, location: 2F
3-2: SINGLE (Flyball, 9S, EV 91.2 MPH)
Batting: LHB Ben Bullock 0-0: Ball
1-0: Ball
2-0: Sac Bunt to 2L - play at first, batter OUT! 2-4
Komotay Koffie to second
Batting: RHB Maema Njongmeta 0-0: Foul Ball, location: 2F
0-1: Swinging Strike
0-2: Ball
1-2: SINGLE (Groundball, 6MD, EV 98.8 MPH)
Komotay Koffie to third
Runner from 3rd tries for Home, SAFE, no throw by CF
Batting: LHB Hai-feng Tang 0-0: Foul Ball, location: 2F
0-1: Swinging Strike
0-2: Ball
1-2: Foul Ball, location: 2F
1-2: Ball
2-2: Strikes out swinging
Batting: RHB Ned Lyons 0-0: Ground out 5-3 (Groundball, 56S, EV 77.5 MPH)
Bottom of the 6th over - 1 run, 2 hits, 0 errors, 1 left on base; Montana 1 - Echo Park 3
TOP OF THE 7TH
Montana Pandas batting - Pitching for Echo Park Lakers : RHP Jordan Calhoun
Batting: LHB Bharti Mona 0-0: Ground out U3 (Groundball, 3L, EV 87.5 MPH)
Batting: RHB Edgar Baeza 0-0: Ball
1-0: Ball
2-0: Swinging Strike
2-1: Swinging Strike
2-2: Foul Ball, location: 2F
2-2: Strikes out looking
Batting: LHB Hsui-chuan Tsou 0-0: Called Strike
0-1: Ball
1-1: Ball
2-1: Ground out 4-3 (Groundball, 34, EV 96.9 MPH)
Top of the 7th over - 0 runs, 0 hits, 0 errors, 0 left on base; Montana 1 - Echo Park 3
BOTTOM OF THE 7TH
Echo Park Lakers batting - Pitching for Montana Pandas : LHP Gil Herrera
Pitching: RHP Grover Lowdermilk
Batting: LHB Ramón Torres 0-0: Called Strike
0-1: Ball
1-1: Swinging Strike
1-2: Strikes out swinging
Batting: LHB Joe Schreibvogel 0-0: Called Strike
0-1: Foul Ball, location: 2F
0-2: Fly out, F6 (Popup, 15, EV 75.6 MPH)
Batting: LHB Philip Todd 0-0: Called Strike
0-1: Fly out, F9 (Line Drive, 9D, EV 105.6 MPH)
Bottom of the 7th over - 0 runs, 0 hits, 0 errors, 0 left on base; Montana 1 - Echo Park 3
TOP OF THE 8TH
Montana Pandas batting - Pitching for Echo Park Lakers : RHP Jordan Calhoun
Pitching: RHP Chun-mei Bao
Batting: SHB Chris Piña 0-0: Called Strike
0-1: Foul Ball, location: 2F
0-2: Strikes out swinging
Batting: RHB Jon Moon 0-0: Ground out 5-3 (Groundball, 56S, EV 60.0 MPH)
Batting: LHB António Casas 0-0: Called Strike
0-1: Ball
1-1: Ball
2-1: Foul Ball, location: 2F
2-2: Ball
3-2: Strikes out swinging
Top of the 8th over - 0 runs, 0 hits, 0 errors, 0 left on base; Montana 1 - Echo Park 3
BOTTOM OF THE 8TH
Echo Park Lakers batting - Pitching for Montana Pandas : RHP Grover Lowdermilk
Batting: LHB Jonathan Winston 0-0: Called Strike
0-1: Ball
1-1: Ball
2-1: DOUBLE (Line Drive, 78D, EV 109.4 MPH)
Batting: RHB Komotay Koffie 0-0: Foul Ball, location: 2F
0-1: Ball
1-1: Reached on error, E1 (Groundball, 34S, EV 69.4 MPH)
Jonathan Winston scores
Batting: LHB Ben Bullock 0-0: Ball
1-0: Sac Bunt to 23 - play at first, batter OUT! 3-4
Komotay Koffie to third
Batting: RHB Maema Njongmeta 0-0: Ball
1-0: Foul Ball, location: 2F
1-1: Swinging Strike
1-2: Strikes out looking
Batting: LHB Hai-feng Tang 0-0: Called Strike
0-1: Ball
1-1: Ball
2-1: Ball
3-1: Foul Ball, location: 2F
3-2: Fly out, F5 (Popup, 5DF, EV 70.0 MPH)
Bottom of the 8th over - 1 run, 1 hit, 1 error, 1 left on base; Montana 1 - Echo Park 4
TOP OF THE 9TH
Montana Pandas batting - Pitching for Echo Park Lakers : RHP Chun-mei Bao
Pitching: RHP Bungay Osiman
Batting: SHB Gerrie Bond 0-0: Ball
1-0: Foul Ball, location: 2F
1-1: Ground out 4-3 (Groundball, 4, EV 113.1 MPH)
Batting: SHB Manu Pakkarinen 0-0: Ball
1-0: Ball
2-0: Ball
3-0: Ground out 6-3 (Groundball, 6, EV 86.9 MPH)
Batting: LHB Martín Pliego 0-0: Foul Ball, location: 2F
0-1: Ball
1-1: Foul Ball, location: 2F
1-2: Strikes out swinging
Top of the 9th over - 0 runs, 0 hits, 0 errors, 0 left on base; Montana 1 - Echo Park 4
Friday, March 26th, 2021 - OOTP Baseball 20.8 Build 74